 Dungeon Crawl Stone Soup version 0.19.5 (console) character file.

1435 Grinner the Slicer (level 8, -10/39 HPs)
             Began as a Spriggan Fighter on Mar 2, 2017.
             Shot with a sling bullet by Joseph (15 damage)
             ... on level 7 of the Dungeon.
             The game lasted 00:17:38 (6406 turns).

Grinner the Slicer (Spriggan Fighter)               Turns: 6406, Time: 00:17:38

Health: -10/39     AC:  8    Str: 14    XL:     8   Next: 45%
Magic:  9/9        EV: 18    Int:  9    God:
Gold:   283        SH:  3    Dex: 16    Spells: 0 memorised, 7 levels left

rFire  . . .     SeeInvis +     a - +2 dagger (venom)
rCold  . . .     Gourm    .     o - +0 robe
rNeg   . . .     Faith    .     (shield restricted)
rPois  .         Spirit   .     (helmet restricted)
rElec  .         Reflect  +     n - +1 cloak
rCorr  .         Harm     .     (gloves unavailable)
MR     +....                    (boots unavailable)
Stlth  +.........               i - +3 amulet of reflection
                                s - +4 ring of protection
                                y - ring of wizardry

@: exhausted, slowed, heavily drained, quick
A: unfitting armour, see invisible, herbivore 3, speed 3, slow metabolism 2
a: no special abilities


You were on level 7 of the Dungeon.
You were not hungry.

You visited 1 branch of the dungeon, and saw 7 of its levels.

You collected 283 gold pieces.

Inventory:

Hand Weapons
 a - a +2 dagger of venom (weapon)
 b - a +4 short sword
 p - a +0 dagger of draining
 C - a +0 rapier
Armour
 c - a +0 buckler
 n - a +1 cloak (worn)
 o - a +0 robe (worn)
Jewellery
 g - an uncursed ring of ice
 i - a +3 amulet of reflection (around neck)
 l - an uncursed ring of magical power
 s - a +4 ring of protection (right hand)
 t - an uncursed amulet of harm
 y - a ring of wizardry (left hand)
Wands
 w - a wand of flame (19/48)
Scrolls
 k - 2 scrolls of remove curse
 m - a scroll of fear
 q - a scroll of magic mapping
 r - a scroll of noise
 u - a scroll of enchant armour
 v - a scroll of fog
Potions
 d - 2 potions of might
 e - a potion of curing
 h - a potion of haste {unknown}
 x - 2 potions of lignification
 D - a potion of flight {unknown}
Books
 B - Sif Muna's Collected Works on Augmentations and the Entourage
   (You found it on level 6 of the Dungeon)

   Spells                             Type                      Level
   a - Infusion                       Charms                       1
   b - Summon Butterflies             Summoning                    1
   c - Spectral Weapon                Hexes/Charms                 3
   d - Call Canine Familiar           Summoning                    3
   e - Summon Forest                  Summoning/Translocation      5
   f - Ring of Flames                 Charms/Fire                  7
Comestibles
 f - 4 bread rations
 j - a slice of pizza


   Skills:
 - Level 2.4(0.9) Fighting
 + Level 8.5(6.7) Short Blades
 - Level 4.4(2.8) Dodging
 + Level 6.0(4.3) Shields


You had 7 spell levels left.
You didn't know any spells.

Dungeon Overview and Level Annotations

Branches:
Dungeon (7/15)             Temple (0/1) D:4

Altars:
Cheibriados
Dithmenos
Elyvilon
Hepliaklqana
Kikubaaqudgha
Makhleb
Nemelex Xobeh
Ru
Xom
Yredelemnul
Zin

Annotations:
D:7 Joseph; Raiza's ghost, novice MfIE


Innate Abilities, Weirdness & Mutations

You are very small and have problems with some larger weapons.
You are too small for most types of armour.
You have supernaturally acute eyesight. (SInv)
You are a herbivore.
You cover ground extremely quickly.
You need consume almost no food.


Message History

Joseph wields an uncursed hunting sling.
Joseph shoots a sling bullet.
The sling bullet hits you!
* * * LOW HITPOINT WARNING * * *
You see here a sling bullet.
It was a potion of berserk rage.
A red film seems to cover your vision as you go berserk!
You feel yourself moving faster!
You feel mighty!
You feel a strong urge to attack something.
You feel your anger subside.
You are no longer berserk.
You are exhausted.
You feel yourself slow down.
Evoke which item? (* to show all) (? for menu, Esc to quit)
Zapping:
w - a wand of flame (will waste charges)
Press: ? - help, Shift-Dir - straight line, f - Joseph
Aim: Joseph, wielding a hunting sling and wearing a leather armour (almost dead, poisoned)
The puff of flame misses Joseph.
Evoking this partially-identified wand wasted a few charges.
Joseph shoots a sling bullet.
The sling bullet hits you!
You die...

##.#...##.# #.#
...###.#..###########
##.# #.........@..@(#
##.####..##########.#
##....#..# #.# #.#
#####.#..## #.# #.# #
#.....# #.# #.#######
#######.###
#.####@#.....##
........#
##..@..........##
.###.####
#.<.............# .#
#..#
#.>...#.........# ##
##.#
#...#####.......# #
#.# #.....#.......).#
# #.#
#...#.#.#.......# #
#.# ##..#.#.#......##
#####.##
##.#...#.....##
^.....###
###.#####.#####


You could see Joseph.

Vanquished Creatures
  An orc warrior (D:6)
  An ice beast (D:6)
  2 ogres
  2 centaurs
  A scorpion (D:4)
  3 wights (D:5)
  2 howler monkeys (D:6)
  A crimson imp (D:5)
  2 hounds
  3 orc priests
  2 bullfrog skeletons
  2 iguanas
  An orc wizard (D:6)
  3 worker ants
  Terence (D:3)
  A hound zombie (D:5)
  Robin (D:2)
  A worker ant zombie (D:6)
  12 adders
  2 shadow imps
  An ooze (D:3)
  2 adder skeletons
  3 worms
  2 dart slugs (D:1)
  6 leopard geckos
  3 orcs
  6 bats
  6 giant cockroaches
  8 goblins
  6 hobgoblins
  9 jackals
  3 quokkas
  A ball python (D:4)
  4 frilled lizards
  9 kobolds
  A leopard gecko skeleton (D:4)
  2 quokka skeletons
  6 rats
122 creatures vanquished.

Notes
Turn   | Place    | Note
-------+----------+-------------------------------------------
     0 | D:1      | Grinner the Spriggan Fighter began the quest for the Orb.
     0 | D:1      | Reached XP level 1. HP: 11/11 MP: 2/2
   365 | D:1      | Reached XP level 2. HP: 16/16 MP: 3/3
   429 | D:1      | You fall through a shaft!
   488 | D:2      | Reached skill level 3 in Short Blades
   672 | D:2      | Reached XP level 3. HP: 10/19 MP: 4/4
   965 | D:2      | Found a white marble altar of Elyvilon.
   965 | D:2      | Found a snail-covered altar of Cheibriados.
  1047 | D:2      | Reached XP level 4. HP: 23/23 MP: 5/5
  1410 | D:2      | Noticed Robin
  1427 | D:2      | Reached skill level 4 in Short Blades
  2252 | D:1      | You fall through a shaft!
  2358 | D:2      | Killed Robin
  2406 | D:2      | Found an ancient bone altar of Kikubaaqudgha.
  2709 | D:3      | Noticed an angel
  2710 | D:3      | Found a glowing silver altar of Zin.
  2710 | D:3      | Found a shimmering altar of Xom.
  2756 | D:3      | Reached XP level 5. HP: 25/27 MP: 6/6
  2830 | D:3      | Noticed Terence
  2831 | D:3      | Killed Terence
  2984 | D:3      | Found a sparkling altar of Nemelex Xobeh.
  3322 | D:4      | Reached skill level 5 in Short Blades
  3341 | D:4      | Reached XP level 6. HP: 25/32 MP: 7/7
  3546 | D:4      | Found a staircase to the Ecumenical Temple.
  3567 | D:4      | Reached skill level 6 in Short Blades
  3866 | D:5      | Entered Level 5 of the Dungeon
  3881 | D:5      | Reached XP level 7. HP: 32/35 MP: 8/8
  3926 | D:5      | Found a burning altar of Makhleb.
  4079 | D:5      | Found a sacrificial altar of Ru.
  4079 | D:5      | Found a basalt altar of Yredelemnul.
  4764 | D:5      | Reached skill level 5 in Shields
  4780 | D:5      | Reached skill level 7 in Short Blades
  4896 | D:5      | Found a shadowy altar of Dithmenos.
  4912 | D:5      | Found a hazy altar of Hepliaklqana.
  5046 | D:6      | Identified Sif Muna's Collected Works on Augmentations and the Entourage
  5116 | D:6      | Reached XP level 8. HP: 31/39 MP: 9/9
  5376 | D:6      | Reached skill level 8 in Short Blades
  5568 | D:7      | Noticed Raiza's ghost (novice MfIE)
  6123 | D:7      | Noticed Joseph
  6406 | D:7      | Shot with a sling bullet by Joseph

Skill      XL: |  1  2  3  4  5  6  7  8 |
---------------+-------------------------+-----
Short Blades   | 3 4 5 6 7 8 |  8.5
Shields        | 3 4 5 6 |  6.0
Fighting       | |  2.4
Dodging        | |  4.4

Action                   |  1- 3 |  4- 6 |  7- 9 || total
-------------------------+-------+-------+-------++-------
Melee: Rapier            |    85 |    94 |    52 ||   231
       Dagger            |       |   139 |   139 ||   278
       Short sword       |       |       |    39 ||    39
Evoke: Wand              |       |       |     1 ||     1
  Use: Potion            |       |     1 |     1 ||     2
       Scroll            |       |       |    14 ||    14
 Stab: Sleeping          |     2 |     6 |     3 ||    11
  Eat: Pizza             |       |     1 |     1 ||     2
Armor: Robe              |     6 |    16 |    19 ||    41
Dodge: Dodged            |    51 |   120 |    91 ||   262
Block: Buckler           |    33 |    86 |    44 ||   163
       Other             |       |       |     1 ||     1
